 Dungeon Crawl Stone Soup version 0.30.1-11-g7821555f0a (webtiles) character file.

Game seed: 16842743259913941861

3061 Elmgren the Cleaver (level 9, -3/90 HPs)
             Began as a Minotaur Berserker on Nov 26, 2023.
             Was a Priest of Trog.
             Killed from afar by an electric eel (5 damage)
             ... with a bolt of electricity
             ... on level 6 of the Dungeon.
             The game lasted 00:18:27 (7560 turns).

Elmgren the Cleaver (Minotaur Berserker)            Turns: 7560, Time: 00:18:27

Health: -3/90      AC:  7    Str: 26    XL:     9   Next: 57%
Magic:  8/8        EV: 10    Int:  4    God:    Trog [***...]
Gold:   337        SH: 11    Dex: 10    Spells: 8/8 levels left

rFire   . . .        s - +2 hand axe (heavy)
rCold   . . .        A - +0 kite shield
rNeg    . . .        k - +1 ring mail
rPois   +            (helmet restricted)
rElec   .            (no cloak)
rCorr   .            u - +0 pair of gloves
SInv    .            (no boots)
Will    .....        B - amulet of reflection
Stlth   x              - ring of poison resistance
HPRegen 0.35/turn    (no ring)
MPRegen 0.11/turn

%: reflection
@: no status effects
A: horns 2, retaliatory headbutt
a: Renounce Religion, Berserk, Trog's Hand


You were on level 6 of the Dungeon.
You worshipped Trog.
Trog was most pleased with you.
You visited 1 branch of the dungeon, and saw 6 of its levels.

You collected 337 gold pieces.

Inventory:

Hand Weapons
 a - a +1 hand axe
 s - a +2 heavy hand axe (weapon)
Armour
 k - a +1 ring mail (worn)
 u - a +0 pair of gloves (worn)
 A - a +0 kite shield (worn)
Jewellery
 x - a ring of poison resistance (left hand)
 B - an amulet of reflection (around neck)
Wands
 m - a wand of flame (15)
 o - a wand of acid (10)
 t - a wand of digging (2)
 v - a wand of roots (9)
Scrolls
 d - a scroll of enchant armour
 f - 3 scrolls of teleportation
 l - 2 scrolls of identify
 q - 2 scrolls of blinking
 y - a scroll of poison {unknown}
Potions
 b - 2 potions of resistance {unknown}
 c - a potion of berserk rage {unknown}
 e - 4 potions of lignification
 g - 2 potions of attraction {unknown}
 h - a potion of might {unknown}
 i - 2 potions of flight {unknown}
 j - 2 potions of brilliance {unknown}
 n - 4 potions of heal wounds
 p - 2 potions of mutation {unknown}
 r - 3 potions of haste
 w - a potion of degeneration {unknown}
 z - a potion of invisibility {unknown}


   Skills:
 + Level 11.7 Fighting
 + Level 11.7 Axes
 + Level 3.6 Armour
 - Level 2.1 Dodging


You had 8 spell levels left.
You didn't know any spells.
Your spell library was empty.

Dungeon Overview and Level Annotations

Branches:
Dungeon (6/15) Zot: 25430  Temple (0/1) D:5

Altars:
Dithmenos
Elyvilon
Nemelex Xobeh
Trog
Uskayaw
Xom


Innate Abilities, Weirdness & Mutations

You have a pair of horns on your head.
You reflexively headbutt those who attack you in melee.


Message History

The bolt of electricity hits you.
The electric eel shoots out a bolt of lightning at you!
The bolt of electricity hits the plant.
The plant begins to die.
The bolt of electricity hits you!
The electric eel shoots out a bolt of lightning at you!
The bolt of electricity hits the electric eel.
The electric eel completely resists.
The bolt of electricity hits you!
You take 23 damage, and have 59/90 hp.
MASSIVE DAMAGE!!
The electric eel shoots out a bolt of lightning at you!
The bolt of electricity hits the plant!
The bolt of electricity hits you.
You take 4 damage, and have 55/90 hp.
The electric eel shoots out a bolt of lightning at you!
The bolt of electricity hits the electric eel.
The electric eel completely resists.
The bolt of electricity hits you!
* * * LOW HITPOINT WARNING * * *
The bolt of electricity hits the plant.
The plant begins to die.
You take 16 damage, and have 39/90 hp.
You barely miss the electric eel. x2; You slash the plant! x2
The plant begins to die.
You slice the plant!!
A nearby plant withers and dies.
The electric eel shoots out a bolt of lightning at you!
The bolt of electricity hits the electric eel.
The electric eel completely resists.
The bolt of electricity hits you!
* * * LOW HITPOINT WARNING * * *
The bolt of electricity hits the plant!
You take 11 damage, and have 28/90 hp.
A nearby plant withers and dies.
The electric eel shoots out a bolt of lightning at you!
The bolt of electricity hits you!
* * * LOW HITPOINT WARNING * * *
The electric eel shoots out a bolt of lightning at you!
The bolt of electricity hits the electric eel.
The electric eel completely resists.
The bolt of electricity hits you!
* * * LOW HITPOINT WARNING * * *
The bolt of electricity hits the plant!
The electric eel shoots out a bolt of lightning at you!
The bolt of electricity hits you.
* * * LOW HITPOINT WARNING * * *
The electric eel shoots out a bolt of lightning at you!
The bolt of electricity hits you.
You die...

#.......#'##≈..P. ..# .........
##......#.#≈≈)~.. #.# ...#.....
#.......#.#≈S~~.. #~# ...##.#..
#.......#.#≈≈$~P. #÷## #. ...#..
........#~##≈?$.. #~~# #..###.
........##~##########.##..#.# #.
.........##~##≈..~..#..#....# #..
..........#.#≈S.~...'#.##...###..
..........#.#≈$S@....#.#.....##..
...###....#.#≈≈SPP...#~#.........
... #.....#.##≈?)P..##~#...#....#
... #.....##.########.##...#..#
... ##....###~~~~....##.......#
...###....############..#.....###
.........###.##........###..#...#
..............##...###..#...#...#
#.......................##...#...


You could see 3 electric eels.

Vanquished Creatures
  A two-headed ogre (D:5)
  A komodo dragon (D:6)
  Grinder (D:6)
  A wyvern (D:5)
  2 water moccasins (D:5)
  An orc warrior (D:6)
  A sky beast (D:6)
  A centaur (D:6)
  2 phantoms
  Blork the orc (D:4)
  2 bullfrogs (D:6)
  A gnoll sergeant (D:5)
  2 scorpions (D:4)
  A howler monkey (D:4)
  8 hounds
  A gnoll bouda (D:4)
  3 orc priests
  2 sleepcaps (D:5)
  2 iguanas (D:5)
  3 orc wizards
  17 gnolls
  A river rat (D:5)
  6 adders
  A shadow imp (D:6)
  2 ufetubi (D:4)
  2 worms
  12 orcs
  7 ball pythons
  10 endoplasms
  6 giant cockroaches
  3 goblins
  8 hobgoblins
  4 jackals
  3 quokkas
  2 bats
  A frilled lizard (D:3)
  A kobold (D:4)
  15 rats
138 creatures vanquished.

Notes
Turn   | Place    | Note
-------+----------+-------------------------------------------
     0 | D:1      | Elmgren the Minotaur Berserker began the quest for the Orb.
     0 | D:1      | Reached XP level 1. HP: 19/19 MP: 0/0
   472 | D:1      | Reached XP level 2. HP: 23/27 MP: 1/1
  1214 | D:2      | Reached XP level 3. HP: 34/34 MP: 2/2
  2505 | D:3      | Reached XP level 4. HP: 40/41 MP: 3/3
  2530 | D:3      | Reached skill level 5 in Fighting
  2530 | D:3      | Reached skill level 5 in Axes
  2642 | D:3      | Found a faded altar of an unknown god.
  3042 | D:4      | Reached ** piety under Trog
  3043 | D:4      | Reached XP level 5. HP: 36/49 MP: 4/4
  3218 | D:4      | Found a sparkling altar of Nemelex Xobeh.
  3259 | D:4      | Noticed a phantom
  3262 | D:4      | Killed a phantom
  3263 | D:4      | Reached XP level 6. HP: 56/58 MP: 5/5
  3515 | D:4      | Noticed Blork the orc
  3523 | D:4      | Killed Blork the orc
  3613 | D:4      | Reached XP level 7. HP: 54/66 MP: 6/6
  3881 | D:4      | Found a bloodstained altar of Trog.
  4003 | D:4      | Reached *** piety under Trog
  4098 | D:5      | Entered Level 5 of the Dungeon
  4098 | D:5      | Noticed a wyvern
  4101 | D:5      | Killed a wyvern
  4176 | D:5      | Found a shimmering altar of Xom.
  4177 | D:5      | Found a shimmering altar of Xom.
  4178 | D:5      | Found a shimmering altar of Xom.
  4179 | D:5      | Found a shimmering altar of Xom.
  4179 | D:5      | Found a shimmering altar of Xom.
  4179 | D:5      | Found a shimmering altar of Xom.
  4180 | D:5      | Found a shimmering altar of Xom.
  4207 | D:5      | Found a staircase to the Ecumenical Temple.
  4293 | D:5      | Reached XP level 8. HP: 53/75 MP: 7/7
  4830 | D:5      | Found a white marble altar of Elyvilon.
  4915 | D:5      | Found a shadowy altar of Dithmenos.
  6416 | D:6      | Reached skill level 10 in Fighting
  6416 | D:6      | Reached skill level 10 in Axes
  6530 | D:6      | Found a hide-covered altar of Uskayaw.
  6538 | D:6      | Noticed a two-headed ogre
  6575 | D:5      | Killed a two-headed ogre
  6576 | D:5      | Reached XP level 9. HP: 89/89 MP: 8/8
  6673 | D:6      | Noticed Grinder
  6678 | D:6      | Killed Grinder
  7251 | D:6      | Noticed a komodo dragon
  7258 | D:6      | Killed a komodo dragon
  7559 | D:6      | HP: 2/90 [electric eel/bolt of electricity (6)]
  7560 | D:6      | Killed from afar by an electric eel

Illustrated notes

Levels and vault maps discovered:
D:1:      psy_arrival_basics, layout_basic, minmay_rat_gold_closets
D:2:      minmay_diamond_boxcup, layout_loops_ring
D:3:      layout_rooms, shapermc_ecumenical_altar_notcrosses,
          chequers_serial_rivers_large_a
D:4:      layout_gridville, lemuel_round_altar, mainiacjoe_overflow_brackets,
          minmay_surrounded, uniq_blork_the_orc
D:5:      layout_basic, xom_redecorated, nicolae_elyvilon_temple_path,
          nicolae_dithmenos_through_a_glass_darkly,
          minmay_temple_entry_glassed_door, portal_sewer_entry_e
D:6:      cheibrodos_two_vegetables, layout_cave_pools,
          eat_drink_and_be_merry_uskayaw, uniq_grinder

Skill      XL: |  1  2  3  4  5  6  7  8  9 |
---------------+----------------------------+-----
Fighting       | 4 5 6 7 8 11 | 11.7
Axes           | 4 5 6 7 8 11 | 11.7
Armour         | 3 |  3.6
Dodging        | |  2.1

Action                     |  1- 3 |  4- 6 |  7- 9 || total
---------------------------+-------+-------+-------++-------
  Melee: Hand axe          |    68 |    90 |   137 ||   295
         Headbutt          |     7 |    13 |    19 ||    39
 Invoke: Berserk           |       |     2 |     4 ||     6
  Evoke: Wand              |       |       |     2 ||     2
    Use: Scroll            |     7 |     2 |     4 ||    13
         Potion            |       |       |     1 ||     1
   Stab: Sleeping          |     2 |       |       ||     2
 Armour: Animal skin       |     3 |       |       ||     3
         Ring mail         |     8 |    40 |    50 ||    98
  Dodge: Dodged            |    26 |    69 |    78 ||   173
  Block: Kite shield       |       |       |    29 ||    29
